 Dungeon Crawl Stone Soup version 0.26-a0-652-gafc20e3620 (webtiles) character file.

Game seed: 8461970743183447047

1479 Kraken2834 the Blocker (level 8, 0/71 HPs)
             Began as a Minotaur Fighter on Oct 1, 2020.
             Was a Believer of Makhleb.
             Succumbed to a killer bee's poison
             ... on level 7 of the Dungeon.
             The game lasted 00:24:57 (5093 turns).

Kraken2834 the Blocker (Minotaur Fighter)           Turns: 5093, Time: 00:24:57

Health: 0/71       AC: 12    Str: 23    XL:     8   Next: 50%
Magic:  7/7        EV:  8    Int:  5    God:    Makhleb [**....]
Gold:   357        SH: 16    Dex: 10    Spells: 7/7 levels left

rFire    . . .     SeeInvis .   k - +0 spear
rCold    + . .     Faith    .   c - +0 kite shield
rNeg     . . .     Spirit   .   b - +0 scale mail
rPois    .         Reflect  +   (helmet restricted)
rElec    .         Harm     .   (no cloak)
rCorr    .         Rampage  .   l - +0 pair of gloves
MR       .....                  (no boots)
Stlth    ..........             C - amulet of reflection
HPRegen  0.21/turn              E - ring of protection from cold
MPRegen  0.10/turn              y - +4 ring of protection

@: lethally poisoned (0 -> -30), hasted, very quick
A: retaliatory headbutt, horns 2
a: Minor Destruction, Renounce Religion


You were on level 7 of the Dungeon.
You worshipped Makhleb.
Makhleb was pleased with you.
You visited 1 branch of the dungeon, and saw 7 of its levels.

You collected 357 gold pieces.

Inventory:

Hand Weapons
 a - a +0 trident
 k - a +0 spear (weapon)
Armour
 b - a +0 scale mail (worn)
 c - a +0 kite shield (worn)
 l - a +0 pair of gloves (worn)
Jewellery
 e - an uncursed ring of stealth
 o - an uncursed amulet of regeneration
 y - a +4 ring of protection (right hand)
 C - an amulet of reflection (around neck)
 E - a ring of protection from cold (left hand)
Wands
 w - a wand of acid (3)
 A - a wand of polymorph (4)
Scrolls
 f - 2 scrolls of enchant weapon {unknown}
 h - 7 scrolls of teleportation {unknown}
 i - 6 scrolls of remove curse
 p - a scroll of immolation {unknown}
 r - 2 scrolls of blinking {unknown}
 s - 2 scrolls of magic mapping {unknown}
 u - 3 scrolls of identify {unknown}
 B - a scroll of random uselessness {unknown}
 D - a scroll of amnesia {unknown}
Potions
 d - 3 potions of might
 j - a potion of heal wounds {unknown}
 m - a potion of invisibility {unknown}
 n - a potion of flight {unknown}
 q - 2 potions of curing {unknown}
 t - a potion of lignification {unknown}
 v - 2 potions of brilliance {unknown}
 x - a potion of resistance {unknown}
 z - a potion of mutation {unknown}


   Skills:
 * Level 6.7 Fighting
 + Level 8.4 Polearms
 - Level 3.7 Armour
 * Level 8.8 Shields


You had 7 spell levels left.
You didn't know any spells.
Your spell library was empty.

Dungeon Overview and Level Annotations

Branches:
Dungeon (7/15)             Temple (0/1) D:6

Altars:
Cheibriados
Elyvilon
Fedhas
Kikubaaqudgha
Makhleb
Nemelex Xobeh
Sif Muna
Wu Jian

Shops:
D:5 }


Innate Abilities, Weirdness & Mutations

You reflexively headbutt those who attack you in melee.
You have a pair of horns on your head.


Message History

The killer bee stings you but does no damage.
The killer bee stings you.
* * * LOW HITPOINT WARNING * * *
You are more poisoned.
The killer bee poisons you! The killer bee stings you.
* * * LOW HITPOINT WARNING * * *
You are more poisoned.
The killer bee poisons you! You block the killer bee's attack.
The killer bee stings you but does no damage.
The killer bee stings you.
* * * LOW HITPOINT WARNING * * *
You block the killer bee's attack. x2
* * * LOW HITPOINT WARNING * * *
You feel sick. The killer bee barely misses you.
The killer bee stings you but does no damage.
You see here a worker ant corpse.
* * * LOW HITPOINT WARNING * * *
You feel sick. You block the killer bee's attack.
The killer bee closely misses you.
You die...

##.... ##..#.## #......#
###......#
########......<.#
##........#......#####
...............$.......
.......................
.............y.@........#
............yy...........
.............y......!....
.............y...........
.............y.....(....
........................
##..#..)..##..........
.###.?.....##..........
...>..................


You could see 6 killer bees.

Vanquished Creatures
  A sky beast (D:6)
  An ice beast (D:6)
  2 ogres
  A big kobold (D:5)
  4 bullfrogs
  A scorpion (D:6)
  6 hounds
  An orc wizard (D:3)
  A bullfrog skeleton (D:7)
  Ijyb (D:4)
  4 iguanas
  3 worker ants
  4 gnolls (D:2)
  9 adders
  3 shadow imps
  A white imp (D:5)
  An ooze (D:6)
  A dart slug (D:1)
  4 worms
  3 leopard geckos
  13 orcs
  10 bats
  9 giant cockroaches
  6 goblins
  10 hobgoblins
  10 jackals
  27 kobolds
  4 quokkas
  A ball python (D:3)
  4 frilled lizards
  A leopard gecko skeleton (D:6)
  A leopard gecko zombie (D:6)
  A quokka skeleton (D:6)
  4 rats
153 creatures vanquished.

Notes
Turn   | Place    | Note
-------+----------+-------------------------------------------
     0 | D:1      | Kraken2834 the Minotaur Fighter began the quest for the
                  | Orb.
     0 | D:1      | Reached XP level 1. HP: 19/19 MP: 0/0
   122 | D:1      | Reached XP level 2. HP: 27/27 MP: 1/1
  1064 | D:2      | Reached XP level 3. HP: 29/34 MP: 2/2
  1079 | D:2      | Reached XP level 4. HP: 19/41 MP: 3/3
  1258 | D:2      | Found an ornate altar of the Wu Jian Council.
  2134 | D:3      | Reached XP level 5. HP: 47/47 MP: 4/4
  2407 | D:3      | Found an ancient bone altar of Kikubaaqudgha.
  2418 | D:3      | Reached skill level 5 in Shields
  2473 | D:3      | Found a burning altar of Makhleb.
  2474 | D:3      | Found a snail-covered altar of Cheibriados.
  2479 | D:3      | Reached skill level 5 in Polearms
  2482 | D:3      | Became a worshipper of Makhleb the Destroyer
  2757 | D:4      | Found a glowing drain.
  2761 | D:4      | Noticed Ijyb
  2779 | D:4      | Killed Ijyb
  2904 | D:4      | Reached XP level 6. HP: 55/55 MP: 5/5
  2942 | D:4      | Reached skill level 5 in Fighting
  3029 | D:4      | Found a white marble altar of Elyvilon.
  3381 | D:4      | Found a blossoming altar of Fedhas.
  3501 | D:5      | Entered Level 5 of the Dungeon
  3552 | D:5      | Found a sparkling altar of Nemelex Xobeh.
  3674 | D:5      | Reached * piety under Makhleb
  3709 | D:5      | Reached XP level 7. HP: 44/61 MP: 6/6
  3872 | D:5      | Found Yvoreah's Gadget Emporium.
  4413 | D:6      | Found a staircase to the Ecumenical Temple.
  4471 | D:6      | Found a shimmering blue altar of Sif Muna.
  4513 | D:6      | Reached XP level 8. HP: 64/70 MP: 7/7
  5060 | D:7      | Reached ** piety under Makhleb
  5091 | D:7      | HP: 3/71 [poisoned by a killer bee]
  5093 | D:7      | Succumbed to a killer bee's poison

Illustrated notes

Levels and vault maps discovered:
D:1:      minmay_arrival_plants_in_alcoves, layout_rooms,
          chequers_serial_rivers_large_a, minivault_23, minmay_tromino_v7
D:2:      layout_loops_ring, old_standard_altar, minmay_small_reverse_x
D:3:      wander_river, layout_basic, kiku_gazebo_garden_becter, minitemple
D:4:      layout_rooms, elyvilon_altar_3, cheibrodos_sewer_entry_drain,
          serial_corexii_hall, corexii_hall_statues_x,
          chequers_hall_statues_wall_a, corexii_hall_statues_deadend,
          fedhas_altar_4, uniq_ijyb
D:5:      cheibrodos_thug_alley, layout_loops_ring,
          nemelex_xobeh_ov_fountains_minmay, serial_shops, shop
D:6:      layout_loops_cross, minmay_temple_entry_stoned_glass, basic_altar,
          chequers_garden
D:7:      layout_rooms, kennysheep_generic_room_14

Skill      XL: |  1  2  3  4  5  6  7  8 |
---------------+-------------------------+-----
Fighting       | 4 5 6 |  6.7
Shields        | 4 5 6 7 8 |  8.8
Polearms       | 3 4 5 6 7 8 |  8.4
Armour         | |  3.7

Action                   |  1- 3 |  4- 6 |  7- 9 || total
-------------------------+-------+-------+-------++-------
Melee: Trident           |    43 |       |       ||    43
       Headbutt          |    15 |    43 |    34 ||    92
       Spear             |    34 |   312 |   206 ||   552
  Use: Potion            |       |     1 |     1 ||     2
       Scroll            |       |       |     1 ||     1
Armor: Scale mail        |    20 |    88 |    49 ||   157
Dodge: Dodged            |    13 |    58 |    40 ||   111
Block: Kite shield       |    27 |   107 |   108 ||   242

Table legend: (Time is in decaauts)
 A = Elapsed time spent in this place.
 B = Non-inter-level travel time spent in this place.
 C = Inter-level travel time spent in this place.
 D = Time resting spent in this place.
 E = Time spent auto-exploring this place.
 F = Levels seen in this place.
 G = Mean time per level.
                   A        B        C        D        E       F      G
               +--------+--------+--------+--------+--------+-----+--------+
         Total |   5065 |   4911 |    154 |    353 |   3537 |   7 |  723.6 |
       Dungeon |   5065 |   4911 |    154 |    353 |   3537 |   7 |  723.6 |
               +--------+--------+--------+--------+--------+-----+--------+

Top non-repeatable levels by time:
     D:1: 1069 daAuts
     D:2: 856 daAuts
     D:3: 821 daAuts
     D:5: 809 daAuts
     D:4: 773 daAuts
     D:6: 618 daAuts
     D:7: 116 daAuts
